 Dungeon Crawl Stone Soup version 0.24-a0-443-g80245de385 (webtiles) character file.

Game seed: 11277246230275780253

58 Borgoz the Skirmisher (level 4, 29/29 HPs)
             Began as a Gargoyle Berserker on June 21, 2019.
             Was a Believer of Trog.
             Quit the game on level 2 of the Dungeon.
             The game lasted 00:01:31 (1283 turns).

Borgoz the Skirmisher (Gargoyle Berserker)          Turns: 1283, Time: 00:01:31

Health: 29/29      AC:  5    Str: 21    XL:     4   Next: 2%
Magic:  4/4        EV: 12    Int:  7    God:    Trog [**....]
Gold:   58         SH:  0    Dex: 10    Spells: 3/3 levels left

rFire    . . .     SeeInvis +   a - +0 mace
rCold    . . .     Gourm    .   (no shield)
rNeg     + . .     Faith    .   b - +0 animal skin
rPois    ∞         Spirit   .   (no helmet)
rElec    +         Reflect  .   (no cloak)
rCorr    .         Harm     .   (no gloves)
MR       .....                  (no boots)
Stlth    +.........             d - amulet of rage
HPRegen  0.09/turn              f - ring of see invisible
MPRegen  0.09/turn              (no ring)

@: no status effects
A: negative energy resistance 1, electricity resistance, unbreathing,
petrification resistance, rot immunity, AC +3
a: Berserk, Trog's Hand, Renounce Religion, Evoke Berserk Rage


You were on level 2 of the Dungeon.
You worshipped Trog.
Trog was pleased with you.
You were not hungry.

You visited 1 branch of the dungeon, and saw 2 of its levels.

You collected 58 gold pieces.

Inventory:

Hand Weapons
 a - a +0 mace (weapon)
Armour
 b - a +0 animal skin (worn)
Jewellery
 d - an amulet of rage (around neck)
 f - a ring of see invisible (left hand)
Scrolls
 e - 3 scrolls of identify {unknown}
 g - a scroll of fear {unknown}
 h - a scroll of magic mapping {unknown}
Potions
 i - a potion of brilliance {unknown}
 j - a potion of agility {unknown}
Comestibles
 c - 3 rations


   Skills:
 + Level 3.7 Fighting
 * Level 3.6 Maces & Flails
 + Level 2.8 Armour
 * Level 2.2 Dodging


You had 3 spell levels left.
You didn't know any spells.
Your spell library was empty.

Dungeon Overview and Level Annotations

Branches:
Dungeon (2/15)

Altars:


Innate Abilities, Weirdness & Mutations

You are resistant to torment.
Your stone body is resilient. (AC +3)
You are immune to poison.
You resist negative energy. (rN+)
You are resistant to electric shocks. (rElec)
You can survive without breathing.
You are immune to petrification.
You are immune to rotting.


Message History

You start resting.
Eating one of 2 chunks of flesh.
You eat one of the 2 chunks of flesh.
This raw flesh tastes terrible.
All of the chunks of flesh in your inventory have rotted away.
HP restored.
d - an amulet of rage (around neck)
Found 26 stones.
c - 3 rations (gained 1)
A kobold comes into view.
You see here a sedimented blue potion.
A kobold is nearby!
The kobold shouts!
Found a stone staircase leading up.
You closely miss the kobold. The kobold barely misses you.
You sock the kobold!
You kill the kobold!
Trog accepts your kill.
No target in view!
No target in view!
Are you sure you want to abandon this character and quit the game? (Confirm with "yes".)

#.......#..#.###.........
#.#....##.##...........
#.####.##.##..........#
.......................
..##......##..........
####.#.##.!....?#.
#.#.##......##
...........##
(..........@#
....................
#....................
..................
..................
.................
..<.............
...............


There were no monsters in sight!

Vanquished Creatures
  An adder (D:2)
  An ooze (D:1)
  A worm (D:2)
  A dart slug (D:2)
  5 bats (D:1)
  5 giant cockroaches
  2 goblins (D:1)
  6 hobgoblins
  4 jackals (D:1)
  3 frilled lizards
  4 kobolds
  3 rats
36 creatures vanquished.

Notes
Turn   | Place    | Note
-------+----------+-------------------------------------------
     0 | D:1      | Borgoz the Gargoyle Berserker began the quest for the Orb.
     0 | D:1      | Reached XP level 1. HP: 14/14 MP: 1/1
   100 | D:1      | Reached XP level 2. HP: 17/19 MP: 2/2
   250 | D:1      | Reached ** piety under Trog
   250 | D:1      | Reached XP level 3. HP: 17/23 MP: 3/3
   942 | D:2      | Reached XP level 4. HP: 2/29 MP: 4/4
  1283 | D:2      | Quit the game

Levels and vault maps discovered:
D:1:      minmay_arrival_nine_rooms, layout_basic, moated_statue
D:2:      layout_rooms, minmay_3d_cube

Skill      XL: |  1  2 |
---------------+-------+-----
Dodging        | 2 |  2.2
Fighting       | |  3.7
Maces & Flails | |  3.6
Armour         | |  2.8

Action                   |  1- 3 |  4- 6 || total
-------------------------+-------+-------++-------
Melee: Mace              |   106 |     2 ||   108
 Stab: Sleeping          |     1 |       ||     1
  Eat: Chunk             |       |     1 ||     1
Armor: Animal skin       |    49 |       ||    49
Dodge: Dodged            |    65 |     1 ||    66

Table legend:
 A = Non-vault XP
 B = Vault XP
 C = Vault XP percentage of total XP
 D = Non-vault monster count
 E = Vault monster count
 F = Vault count percentage of total count
                 A         B        C        D         E       F
            +---------+---------+-------+---------+---------+-------
      Total |      84 |       0 |   0.0 |      36 |       0 |   0.0
            +---------+---------+-------+---------+---------+-------
        D:1 |      51 |       0 |   0.0 |      26 |       0 |   0.0
        D:2 |      33 |       0 |   0.0 |      10 |       0 |   0.0
            +---------+---------+-------+---------+---------+-------
